| TOP OF THE 1ST |
|
Hudson Valley Renegades batting - Pitching for Tri-City ValleyCats : LHP Frank Vazquez
|
|
Pitching: LHP Frank Vazquez
|
|
|
Batting: SHB Chris Lockart
|
0-0: Ball 1-0: Called Strike 1-1: Ground out 3-1 (Groundball, 34S, EV 89.4 MPH)
|
|
Batting: SHB Joshua Jackson
|
0-0: Called Strike 0-1: Foul Ball, location: 2F 0-2: Ball 1-2: Foul Ball, location: 2F 1-2: Strikes out looking
|
|
Batting: RHB Alex Koral
|
0-0: Ball 1-0: Swinging Strike 1-1: Ball 2-1: Called Strike 2-2: Ground out U3 (Groundball, 34, EV 89.4 MPH)
|
| Top of the 1st over - 0 runs, 0 hits, 0 errors, 0 left on base; Hudson Valley 0 - Tri-City 0 |
| BOTTOM OF THE 1ST |
|
Tri-City ValleyCats batting - Pitching for Hudson Valley Renegades : LHP Jake Fields
|
|
Pitching: LHP Jake Fields
|
|
|
Batting: RHB Hugo Priego
|
0-0: Ball 1-0: Called Strike 1-1: Foul Ball, location: 2F 1-2: Fly out, F7 (Flyball, 7LS, EV 78.1 MPH)
|
|
Batting: RHB Patrick Pinault
|
0-0: Called Strike 0-1: Foul Ball, location: 2F 0-2: Ball 1-2: Ball 2-2: Fly out, F2 (Popup, 2R, EV 92.5 MPH)
|
|
Batting: RHB Josh Broome
|
0-0: SOLO HOME RUN (Flyball, 7D, EV 95.6 MPH), Distance : 369 ft
|
|
Batting: RHB Roger Pelley
|
0-0: Ball 1-0: Foul Ball, location: 2F 1-1: Ball 2-1: Ground out 6-3 (Groundball, 6, EV 83.8 MPH)
|
| Bottom of the 1st over - 1 run, 1 hit, 0 errors, 0 left on base; Hudson Valley 0 - Tri-City 1 |
| TOP OF THE 2ND |
|
Hudson Valley Renegades batting - Pitching for Tri-City ValleyCats : LHP Frank Vazquez
|
|
Batting: RHB Kunizo Yanagisawa
|
0-0: Ground out 4-3 (Groundball, 4MS, EV 65.0 MPH)
|
|
Batting: LHB Jonathan Spino
|
0-0: Ball 1-0: Ground out U3 (Groundball, 3, EV 86.2 MPH)
|
|
Batting: RHB Wan-ling Zhu
|
0-0: Ball 1-0: Ball 2-0: Foul Ball, location: 2F 2-1: Ball 3-1: Foul Ball, location: 2F 3-2: Base on Balls
|
|
Batting: RHB Joe Hartigan
|
0-0: Ball 1-0: DOUBLE (Flyball, 9D, EV 99.4 MPH) Wan-ling Zhu to third
|
|
Batting: RHB Jon Gonzales
|
0-0: Called Strike 0-1: Foul Ball, location: 2F 0-2: Strikes out swinging
|
| Top of the 2nd over - 0 runs, 1 hit, 0 errors, 2 left on base; Hudson Valley 0 - Tri-City 1 |
| BOTTOM OF THE 2ND |
|
Tri-City ValleyCats batting - Pitching for Hudson Valley Renegades : LHP Jake Fields
|
|
Batting: LHB Lou Toth
|
0-0: Ball 1-0: Called Strike 1-1: Ball 2-1: Ball 3-1: Foul Ball, location: 2F 3-2: Ground out 3-1 (Groundball, 34S, EV 91.9 MPH)
|
|
Batting: RHB Keith Goodwin
|
0-0: Foul Ball, location: 2F 0-1: Swinging Strike 0-2: Ball 1-2: Fly out, F8 (Flyball, 8RD, EV 95.0 MPH)
|
|
Batting: RHB John Moore
|
0-0: Ground out 5-3 (Groundball, 56S, EV 84.4 MPH)
|
| Bottom of the 2nd over - 0 runs, 0 hits, 0 errors, 0 left on base; Hudson Valley 0 - Tri-City 1 |
| TOP OF THE 3RD |
|
Hudson Valley Renegades batting - Pitching for Tri-City ValleyCats : LHP Frank Vazquez
|
|
Batting: RHB Chris Glavin
|
0-0: Called Strike 0-1: SINGLE (Groundball, 6D, EV 110.0 MPH)
|
|
Batting: SHB Chris Lockart
|
0-0: Ball 1-0: Ball 2-0: Called Strike 2-1: Fielders Choice at 2nd, 6-4 (Groundball, 6, EV 85.0 MPH)
|
|
Batting: SHB Joshua Jackson
|
0-0: Called Strike 0-1: Ball 1-1: Ball 2-1: Ball 3-1: Called Strike 3-2: Foul Ball, location: 2F 3-2: SINGLE (Groundball, 56S, EV 98.8 MPH) Chris Lockart to second Chris Lockart to third
|
|
Batting: RHB Alex Koral
|
0-0: Ball 1-0: Fly out, F4 (Line Drive, 4D, EV 68.8 MPH)
|
|
Batting: RHB Kunizo Yanagisawa
|
0-0: DOUBLE (Line Drive, 7LS, EV 110.0 MPH) Chris Lockart scores Joshua Jackson to third
|
|
Batting: LHB Jonathan Spino
|
0-0: Ball 1-0: Ball 2-0: Called Strike 2-1: SINGLE (Groundball, 5L, EV 106.2 MPH) (infield hit) Joshua Jackson scores Kunizo Yanagisawa to third
|
|
Batting: RHB Wan-ling Zhu
|
0-0: Called Strike 0-1: Foul Ball, location: 2F 0-2: Strikes out looking
|
| Top of the 3rd over - 2 runs, 4 hits, 0 errors, 2 left on base; Hudson Valley 2 - Tri-City 1 |
| BOTTOM OF THE 3RD |
|
Tri-City ValleyCats batting - Pitching for Hudson Valley Renegades : LHP Jake Fields
|
|
Batting: SHB Terciero Ortiz
|
0-0: Ball 1-0: Swinging Strike 1-1: Fly out, F4 (Popup, 4D, EV 63.8 MPH)
|
|
Batting: RHB Domingas Saragoa
|
0-0: Called Strike 0-1: Ground out 5-3 (Groundball, 56, EV 103.8 MPH)
|
|
Batting: RHB Hugo Priego
|
0-0: Called Strike 0-1: Ball 1-1: Called Strike 1-2: Ball 2-2: Fly out, F7 (Flyball, 78M, EV 90.6 MPH)
|
| Bottom of the 3rd over - 0 runs, 0 hits, 0 errors, 0 left on base; Hudson Valley 2 - Tri-City 1 |
| TOP OF THE 4TH |
|
Hudson Valley Renegades batting - Pitching for Tri-City ValleyCats : LHP Frank Vazquez
|
|
Batting: RHB Joe Hartigan
|
0-0: Ball 1-0: SINGLE (Groundball, 4D, EV 107.5 MPH)
|
|
Batting: RHB Jon Gonzales
|
0-0: Foul Ball, location: 2F 0-1: DOUBLE (Line Drive, 78XD, EV 101.2 MPH) Joe Hartigan to third Runner from 3rd tries for Home, SAFE, no throw by CF
|
|
Batting: RHB Chris Glavin
|
0-0: Called Strike 0-1: Called Strike 0-2: Ball 1-2: Ground out 5-3 (Groundball, 5, EV 96.9 MPH)
|
|
Batting: SHB Chris Lockart
|
0-0: Called Strike 0-1: Ball 1-1: Swinging Strike 1-2: Strikes out swinging
|
|
Batting: SHB Joshua Jackson
|
0-0: Foul Ball, location: 2F 0-1: Ball 1-1: Ground out 6-3 (Groundball, 6, EV 85.6 MPH)
|
| Top of the 4th over - 1 run, 2 hits, 0 errors, 1 left on base; Hudson Valley 3 - Tri-City 1 |
| BOTTOM OF THE 4TH |
|
Tri-City ValleyCats batting - Pitching for Hudson Valley Renegades : LHP Jake Fields
|
|
Batting: RHB Patrick Pinault
|
0-0: Foul Ball, location: 2F 0-1: Ball 1-1: Ball 2-1: Foul Ball, location: 2F 2-2: Ball 3-2: Base on Balls
|
|
Batting: RHB Josh Broome
|
0-0: Ball 1-0: Foul Ball, location: 2F 1-1: Ball 2-1: Ball 3-1: Foul Ball, location: 2F 3-2: Foul Ball, location: 2F 3-2: Base on Balls Patrick Pinault to second
|
|
Batting: RHB Roger Pelley
|
0-0: Called Strike 0-1: Foul Ball, location: 2F 0-2: Strikes out looking
|
|
Batting: LHB Lou Toth
|
0-0: Ball 1-0: Ball 2-0: Called Strike 2-1: Fly out, F8 (Flyball, 8LS, EV 93.8 MPH)
|
|
Batting: RHB Keith Goodwin
|
0-0: Ball 1-0: Called Strike 1-1: Foul Ball, location: 2F 1-2: Ball 2-2: Ball 3-2: Foul Ball, location: 2F 3-2: Fly out, F8 (Line Drive, 89D, EV 94.4 MPH)
|
| Bottom of the 4th over - 0 runs, 0 hits, 0 errors, 2 left on base; Hudson Valley 3 - Tri-City 1 |
| TOP OF THE 5TH |
|
Hudson Valley Renegades batting - Pitching for Tri-City ValleyCats : LHP Frank Vazquez
|
|
Batting: RHB Alex Koral
|
0-0: Ball 1-0: Foul Ball, location: 2F 1-1: Ball 2-1: Called Strike 2-2: Foul Ball, location: 2F 2-2: Ball 3-2: Base on Balls
|
|
Batting: RHB Kunizo Yanagisawa
|
0-0: Called Strike 0-1: Grounds into double play, 5-4-3 (Groundball, 56D, EV 82.5 MPH)
|
|
Batting: LHB Jonathan Spino
|
0-0: Ground out 5-3 (Groundball, 56, EV 91.2 MPH)
|
| Top of the 5th over - 0 runs, 0 hits, 0 errors, 0 left on base; Hudson Valley 3 - Tri-City 1 |
| BOTTOM OF THE 5TH |
|
Tri-City ValleyCats batting - Pitching for Hudson Valley Renegades : LHP Jake Fields
|
|
Batting: RHB John Moore
|
0-0: Foul Ball, location: 2F 0-1: Ball 1-1: Called Strike 1-2: Ball 2-2: Strikes out swinging
|
|
Batting: SHB Terciero Ortiz
|
0-0: Called Strike 0-1: Foul Ball, location: 2F 0-2: Foul Ball, location: 2F 0-2: Ball 1-2: SINGLE (Line Drive, 8LS, EV 100.0 MPH)
|
|
Batting: RHB Domingas Saragoa
|
0-0: Called Strike 0-1: Called Strike Terciero Ortiz is caught stealing 2nd base 2-4 0-2: Ball 1-2: Ball 2-2: Ground out 6-3 (Groundball, 6, EV 105.0 MPH)
|
| Bottom of the 5th over - 0 runs, 1 hit, 0 errors, 0 left on base; Hudson Valley 3 - Tri-City 1 |
| TOP OF THE 6TH |
|
Hudson Valley Renegades batting - Pitching for Tri-City ValleyCats : LHP Frank Vazquez
|
|
Batting: RHB Wan-ling Zhu
|
0-0: Ball 1-0: Ball 2-0: Ball 3-0: Called Strike 3-1: Base on Balls
|
|
Pitching: RHP Francisco Tejada
|
|
|
Batting: RHB Joe Hartigan
|
0-0: Foul Ball, location: 2F 0-1: Foul Ball, location: 2F 0-2: Foul Ball, location: 2F 0-2: Foul Ball, location: 2F 0-2: Ball 1-2: Ball 2-2: Fly out, F4 (Line Drive, 4M, EV 70.0 MPH)
|
|
Batting: RHB Jon Gonzales
|
0-0: Ball Wan-ling Zhu steals 2nd base 1-0: Called Strike 1-1: Swinging Strike 1-2: Ball 2-2: Ball 3-2: Fly out, F9 (Flyball, 9D, EV 88.8 MPH) Runner from 2nd tags up, SAFE at 3rd, no throw by RF
|
|
Batting: RHB Chris Glavin
|
0-0: Foul Ball, location: 2F 0-1: Swinging Strike 0-2: Strikes out swinging
|
| Top of the 6th over - 0 runs, 0 hits, 0 errors, 1 left on base; Hudson Valley 3 - Tri-City 1 |
| BOTTOM OF THE 6TH |
|
Tri-City ValleyCats batting - Pitching for Hudson Valley Renegades : LHP Jake Fields
|
|
Batting: RHB Hugo Priego
|
0-0: Called Strike 0-1: Ball 1-1: Called Strike 1-2: Strikes out looking
|
|
Batting: RHB Patrick Pinault
|
0-0: Fly out, F7 (Line Drive, 7LS, EV 99.4 MPH)
|
|
Batting: RHB Josh Broome
|
0-0: Ball 1-0: Ball 2-0: SOLO HOME RUN (Flyball, 89XD, EV 98.1 MPH), Distance : 390 ft
|
|
Batting: RHB Roger Pelley
|
0-0: Ball 1-0: SINGLE (Groundball, 56D, EV 110.6 MPH)
|
|
Batting: LHB Lou Toth
|
0-0: Ball 1-0: Foul Ball, location: 2F 1-1: Called Strike 1-2: Ball 2-2: Fly out, F8 (Flyball, 78D, EV 101.2 MPH)
|
| Bottom of the 6th over - 1 run, 2 hits, 0 errors, 1 left on base; Hudson Valley 3 - Tri-City 2 |
| TOP OF THE 7TH |
|
Hudson Valley Renegades batting - Pitching for Tri-City ValleyCats : RHP Francisco Tejada
|
|
Batting: SHB Chris Lockart
|
0-0: Ball 1-0: Swinging Strike 1-1: Foul Ball, location: 2F 1-2: Ball 2-2: Ball 3-2: Strikes out looking
|
|
Batting: SHB Joshua Jackson
|
0-0: Called Strike 0-1: Ball 1-1: SINGLE (Groundball, 56D, EV 106.2 MPH)
|
|
Batting: RHB Alex Koral
|
0-0: Swinging Strike 0-1: Called Strike 0-2: Foul Ball, location: 2F 0-2: Strikes out swinging
|
|
Batting: RHB Kunizo Yanagisawa
|
0-0: Ball Joshua Jackson steals 2nd base 1-0: Ball 2-0: Foul Ball, location: 2F 2-1: Swinging Strike 2-2: Foul Ball, location: 2F 2-2: Ball Wild Pitch! Joshua Jackson to third 3-2: Ground out 3-1 (Groundball, 34, EV 93.1 MPH)
|
| Top of the 7th over - 0 runs, 1 hit, 0 errors, 1 left on base; Hudson Valley 3 - Tri-City 2 |
| BOTTOM OF THE 7TH |
|
Tri-City ValleyCats batting - Pitching for Hudson Valley Renegades : LHP Jake Fields
|
|
Batting: RHB Keith Goodwin
|
0-0: Called Strike 0-1: Hit by Pitch
|
|
Batting: RHB John Moore
|
0-0: Grounds into double play, 5-4-3 (Groundball, 56, EV 105.6 MPH)
|
|
Batting: SHB Terciero Ortiz
|
0-0: Ball 1-0: Swinging Strike 1-1: Swinging Strike 1-2: Foul Ball, location: 2F 1-2: Foul Ball, location: 2F 1-2: Strikes out looking
|
| Bottom of the 7th over - 0 runs, 0 hits, 0 errors, 0 left on base; Hudson Valley 3 - Tri-City 2 |
| TOP OF THE 8TH |
|
Hudson Valley Renegades batting - Pitching for Tri-City ValleyCats : RHP Francisco Tejada
|
|
Batting: LHB Jonathan Spino
|
0-0: Ball 1-0: Ball 2-0: SINGLE (Groundball, 4D, EV 101.9 MPH)
|
|
Pitching: RHP Max Warburton
|
|
|
Batting: RHB Wan-ling Zhu
|
0-0: Called Strike 0-1: Called Strike Jonathan Spino steals 2nd base 0-2: Ground out 6-3 (Groundball, 56, EV 98.8 MPH)
|
|
Batting: RHB Joe Hartigan
|
0-0: Called Strike Jonathan Spino steals 3rd base 0-1: Ground out 3-1 (Groundball, 34S, EV 88.8 MPH)
|
|
Batting: RHB Jon Gonzales
|
0-0: Ball 1-0: Foul Ball, location: 2F 1-1: Called Strike 1-2: Fly out, F7 (Line Drive, 7, EV 91.2 MPH)
|
| Top of the 8th over - 0 runs, 1 hit, 0 errors, 1 left on base; Hudson Valley 3 - Tri-City 2 |
| BOTTOM OF THE 8TH |
|
Tri-City ValleyCats batting - Pitching for Hudson Valley Renegades : LHP Jake Fields
|
|
Batting: RHB Domingas Saragoa
|
0-0: Foul Ball, location: 2F 0-1: Swinging Strike 0-2: Strikes out swinging
|
|
Batting: RHB Hugo Priego
|
0-0: Foul Ball, location: 2F 0-1: Ball 1-1: Swinging Strike 1-2: Foul Ball, location: 2F 1-2: Strikes out swinging
|
|
Batting: RHB Patrick Pinault
|
0-0: Ball 1-0: Foul Ball, location: 2F 1-1: SINGLE (Groundball, 56D, EV 93.8 MPH)
|
|
Pitching: RHP Matt Wicker
|
|
|
Batting: RHB Josh Broome
|
0-0: Ball 1-0: Called Strike 1-1: Called Strike 1-2: Strikes out swinging
|
| Bottom of the 8th over - 0 runs, 1 hit, 0 errors, 1 left on base; Hudson Valley 3 - Tri-City 2 |
| TOP OF THE 9TH |
|
Hudson Valley Renegades batting - Pitching for Tri-City ValleyCats : RHP Max Warburton
|
|
Batting: RHB Chris Glavin
|
0-0: Fly out, F9 (Flyball, 89S, EV 86.2 MPH)
|
|
Batting: SHB Chris Lockart
|
0-0: Called Strike 0-1: Ball 1-1: Called Strike 1-2: Foul Ball, location: 2F 1-2: Foul Ball, location: 2F 1-2: Foul Ball, location: 2F 1-2: Foul Ball, location: 2F 1-2: Foul Ball, location: 2F 1-2: Ball 2-2: Ball 3-2: Foul Ball, location: 2F 3-2: Base on Balls
|
|
Batting: SHB Joshua Jackson
|
0-0: Ball 1-0: Grounds into double play, 4-6-3 (Groundball, 4S, EV 80.6 MPH)
|
| Top of the 9th over - 0 runs, 0 hits, 0 errors, 0 left on base; Hudson Valley 3 - Tri-City 2 |
| BOTTOM OF THE 9TH |
|
Tri-City ValleyCats batting - Pitching for Hudson Valley Renegades : RHP Matt Wicker
|
|
Pitching: LHP Matt Bayer
|
|
|
Batting: RHB Roger Pelley
|
0-0: Called Strike 0-1: Swinging Strike 0-2: Ball 1-2: Ball 2-2: Strikes out swinging
|
|
Batting: LHB Lou Toth
|
0-0: Foul Ball, location: 2F 0-1: Fly out, F8 (Flyball, 78XD, EV 99.4 MPH)
|
|
Batting: RHB Keith Goodwin
|
0-0: Foul Ball, location: 2F 0-1: Swinging Strike 0-2: Foul Ball, location: 2F 0-2: Ball 1-2: Hit by Pitch
|
|
Batting: RHB John Moore
|
0-0: Foul Ball, location: 2F 0-1: Ball 1-1: Swinging Strike 1-2: Ball 2-2: Ball 3-2: Foul Ball, location: 2F 3-2: SINGLE (Groundball, 56D, EV 94.4 MPH) Keith Goodwin to second Keith Goodwin to third
|
|
Pitching: RHP Bobby Valenzuela
|
|
|
Batting: SHB Terciero Ortiz
|
0-0: Swinging Strike 0-1: Ball 1-1: Swinging Strike 1-2: Strikes out swinging
|
| Bottom of the 9th over - 0 runs, 1 hit, 0 errors, 2 left on base; Hudson Valley 3 - Tri-City 2 |
|